 Dungeon Crawl Stone Soup version 0.29-a0-821-g66395355a5 (webtiles) character file.

Game seed: 10200105438842860727

49675 Armakuni the Cruncher (level 14, -28/98 HPs)
             Began as a Human Artificer on July 1, 2022.
             Was a High Priest of Elyvilon.
             Killed by an exploding frost giant (39 damage)
             ... ignited by their inner flame
             ... on level 11 of the Dungeon on July 7, 2022.
             The game lasted 01:13:41 (23904 turns).

Armakuni the Cruncher (Human Artificer)            Turns: 23904, Time: 01:13:42

Health: -28/98     AC: 11    Str: 17    XL:     14   Next: 93%
Magic:  2/21       EV: 14    Int: 28    God:    Elyvilon [*****.]
Gold:   440        SH:  0    Dex: 16    Spells: 11/23 levels left

rFire   . . .      SeeInvis +   a - staff of conjuration
rCold   . . .      Faith    .   (no shield)
rNeg    . . .      Spirit   .   b - +5 robe "Aprohien" {Str+4 Dex+2 SInv}
rPois   +          Reflect  .   c - +0 helmet "Ecoutust" {rElec rPois}
rElec   +          Harm     .   (no cloak)
rCorr   .          Rampage  .   i - +0 pair of gloves
Will    +....                   x - +0 pair of boots
Stlth   ++........              R - amulet of regeneration
HPRegen 1.06/turn               M - +6 ring of intelligence
MPRegen 0.17/turn               I - +6 ring of intelligence

@: no status effects
A: no striking features
a: Renounce Religion, Purification, Heal Other, Heal Self, Divine Vigour


You were on level 11 of the Dungeon.
You worshipped Elyvilon.
Elyvilon was extremely pleased with you.
You visited 3 branches of the dungeon, and saw 17 of its levels.

You collected 1321 gold pieces.
You spent 881 gold pieces at shops.

Inventory:

Missiles
 d - 3 curare-tipped darts (quivered)
Armour
 b - the +5 robe "Aprohien" (worn) {Str+4 Dex+2 SInv}
   (You found it on level 4 of the Lair of Beasts)

   Str:       It affects your strength (+4).
   Dex:       It affects your dexterity (+2).
   SInv:      It lets you see invisible.
 c - the +0 helmet "Ecoutust" (worn) {rElec rPois}
   (You acquired it on level 4 of the Lair of Beasts)

   rElec:     It insulates you from electricity.
   rPois:     It protects you from poison.
 i - a +0 pair of gloves (worn)
 x - a +0 pair of boots (worn)
Magical Staves
 a - a staff of conjuration (weapon)
Jewellery
 j - a +6 ring of dexterity
 F - a ring of protection from fire
 I - a +6 ring of intelligence (right hand)
 K - a ring of resist corrosion
 M - a +6 ring of intelligence (left hand)
 P - a +4 ring of slaying
 R - an amulet of regeneration (around neck)
Wands
 k - a wand of digging (6)
 p - a wand of paralysis (21)
 v - a wand of flame (25)
Scrolls
 e - 4 scrolls of vulnerability
 h - 5 scrolls of teleportation
 l - 5 scrolls of fog
 n - 2 scrolls of silence
 o - 4 scrolls of amnesia
 q - 2 scrolls of magic mapping
 s - 3 scrolls of blinking
 t - 4 scrolls of identify
 u - a scroll of brand weapon
 B - 3 scrolls of poison
 E - 2 scrolls of enchant armour
 N - a scroll of enchant weapon
 Q - 2 scrolls of fear
Potions
 f - 12 potions of curing
 g - a potion of resistance
 r - 2 potions of lignification {unknown}
 w - 8 potions of ambrosia
 y - 3 potions of might
 z - 2 potions of attraction {unknown}
 A - 3 potions of flight
 C - 4 potions of mutation
 D - 2 potions of invisibility {unknown}
 G - 3 potions of heal wounds
 H - 2 potions of brilliance {unknown}
 J - 2 potions of cancellation {unknown}
 L - a potion of haste


   Skills:
 - Level 5.0 Fighting
 - Level 12.0 Staves
 - Level 5.0 Armour
 - Level 5.0 Dodging
 - Level 1.0 Stealth
 - Level 5.0 Spellcasting
 + Level 11.4 Conjurations
 - Level 10.0 Fire Magic
 - Level 10.0 Invocations
 - Level 10.0 Evocations


You had 11 spell levels left.
You knew the following spells:

 Your Spells              Type           Power      Damage    Failure   Level
f - Fireball              Conj/Fire      39%        3d16      2%          5
k - Scorch                Fire           100%       2d10      1%          2
s - Sticky Flame          Conj/Fire      79%        2d9       1%          4
z - Foxfire               Conj/Fire      100%       2x1d9     1%          1

Your spell library contained the following spells:

 Spells                   Type           Power      Damage    Failure   Level
 Static Discharge         Conj/Air       55%        3-10/arc  1%          2
 Flame Wave               Conj/Fire      79%        2d14      1%          4
 Ignite Poison            Fire/Tmut/Pois 25%        N/A       5%          3
 Hailstorm                Conj/Ice       55%        3d12      6%          4
 Slow                     Hex            28%        N/A       7%          1
 Blink                    Tloc           14%        N/A       10%         2
 Wereblood                Tmut           7%         N/A       10%         2
 Lightning Bolt           Conj/Air       27%        1d44      19%         5
 Call Canine Familiar     Summ           7%         N/A       21%         3
 Confusing Touch          Hex            7%         N/A       21%         3
 Portal Projectile        Hex/Tloc       14%        N/A       21%         3
 Tukima's Dance           Hex            7%         N/A       21%         3
 Vampiric Draining        Necr           7%         2d6       21%         3
 Airstrike                Air            3%         0-2+      54%         4
 Animate Dead             Necr           7%         N/A       54%         4
 Dispel Undead            Necr           7%         3d8       54%         4
 Ice Form                 Ice/Tmut       7%         N/A       54%         4
 Leda's Liquefaction      Hex/Erth       3%         N/A       54%         4
 Passage of Golubria      Tloc           7%         N/A       54%         4
 Summon Lightning Spire   Summ/Air       7%         N/A       54%         4
 Manifold Assault         Tloc           7%         N/A       88%         5
 Yara's Violent Unravell  Hex/Tmut       3%         3d4       88%         5
 Simulacrum               Ice/Necr       3%         N/A       100%        6
 Haunt                    Necr/Summ      3%         N/A       100%        7
 Storm Form               Tmut/Air       3%         N/A       100%        7
 Infestation              Necr           3%         N/A       100%        8
 Fire Storm               Conj/Fire      39%        8d10      100%        9


Dungeon Overview and Level Annotations

Branches:
Dungeon (11/15)            Temple (1/1) D:7            Lair (5/6) D:9
  Swamp (0/4) Lair:2       Spider (0/4) Lair:4          Orc (0/2) D:10
  Slime: Lair:5-6

Altars:
Ashenzari
Cheibriados
Dithmenos
Elyvilon
Fedhas
Gozag
Hepliaklqana
Kikubaaqudgha
Makhleb
Nemelex Xobeh
Okawaru
Qazlal
Ru
Sif Muna
Trog
Uskayaw
Vehumet
Wu Jian
Xom
Yredelemnul
Zin
The Shining One

Shops:
D:4 :   D:7 *   D:8 *


Message History

Aim: a frost giant, wielding a +0 battleaxe of freezing (moderately wounded, inner flame, 98% to hit)
The puff of flame hits the frost giant!
Flame seeps out of the frost giant.
The frost giant is heavily wounded.
Aiming: Throw Flame
Press: ? - help, Shift-Dir - straight line, f/p - frost giant
Aim: a frost giant, wielding a +0 battleaxe of freezing (flame, heavily wounded, inner flame, 98% to hit)
The puff of flame hits the frost giant!
Flame seeps out of the frost giant.
The frost giant is heavily wounded.
The frost giant is engulfed in blazing flames.
Flame seeps out of the frost giant.
Aiming: Throw Flame
Press: ? - help, Shift-Dir - straight line, f/p - frost giant
Aim: a frost giant, wielding a +0 battleaxe of freezing (severely wounded, inner flame, 98% to hit)
The puff of flame hits the frost giant!
Flame seeps out of the frost giant.
The frost giant is severely wounded.
The frost giant is engulfed in blazing flames.
Flame seeps out of the frost giant.
The frost giant gestures at you while chanting.
The bolt of cold hits you!! Elyvilon protects you from harm!
Aiming: Throw Flame
Press: ? - help, Shift-Dir - straight line, f/p - frost giant
Aim: a frost giant, wielding a +0 battleaxe of freezing (flame, severely wounded, inner flame, 98% to hit)
The puff of flame hits the frost giant.
Flame seeps out of the frost giant.
The frost giant is severely wounded.
The frost giant is engulfed in blazing flames.
Flame seeps out of the frost giant.
The frost giant points at you and mumbles some strange words.
The bolt of cold misses you.
Aiming: Throw Flame
Press: ? - help, Shift-Dir - straight line, f/p - frost giant
Aim: a frost giant, wielding a +0 battleaxe of freezing (flame, almost dead, inner flame, 98% to hit)
The puff of flame hits the frost giant.
Flame seeps out of the frost giant.
The frost giant is almost dead.
The frost giant is engulfed in blazing flames.
The frost giant explodes!
The fiery explosion engulfs the two-headed ogre!!
The two-headed ogre is heavily wounded.
The fiery explosion engulfs you!!!
You die...

C≈ #.#####.###............#
♣. #....††.....)........>.#
.. #######..##............#
#.##### ### #..###### ####.##
♣...... ♣.♣
#......#####...... ......♣
♣.♣ #.............####
...)..♣ ♣.♣ #....)........# #
....(.♣ ♣♣.♣♣#.............#
#
.....♣♣#♣...♣#@............#
#
.....#.....#§§...........####
♣♣..#..PPT#°§....#.....)....
♣..C..≈C.§O.....#..........
♣♣#..OP.#......#..........
#.....#......# #........
#♣...♣#......###)##.....
♣...♣#..#.......##..... #.♣.♣
#..###...####.....


You could see a two-headed ogre.

Vanquished Creatures
  A frost giant (D:11)
  4 hydras
  3 catoblepae
  A rakshasa (D:9)
  A boulder beetle (Lair:5)
  A two-headed ogre (D:8)
  A death yak (Lair:4)
  A tengu warrior (D:9)
  2 lindwurms
  Pikel (D:4)
  An ugly thing (D:9)
  A wolf spider (Lair:1)
  A manticore (D:11)
  A cyclops (D:11)
  2 black mambas
  10 elephants
  A rime drake (Lair:4)
  A gargoyle (D:11)
  Maggie (D:8)
  11 cane toads
  7 komodo dragons
  2 queen bees
  A tyrant leech (Lair:2)
  3 meliai (Lair:4)
  A polar bear (Lair:4)
  5 trolls
  3 hornets
  16 blink frogs
  5 dream sheep (Lair:4)
  A centaur simulacrum (D:11)
  A wraith (D:10)
  3 wyverns
  4 basilisks
  61 yaks
  A vampire mosquito (D:9)
  4 steam dragons
  An acid dragon (shapeshifter) (D:9)
  17 water moccasins
  3 orc warriors
  4 black bears
  3 ice beasts
  A black bear (shapeshifter) (D:9)
  6 ogres
  7 wolves
  A boggart (D:9)
  7 centaurs
  2 lemures (D:4)
  A kobold brigand (D:10)
  13 bullfrogs
  2 necrophages
  A gnoll sergeant (D:11)
  3 scorpions
  46 killer bees
  3 howler monkeys (D:7)
  A quasit (D:7)
  A hound (D:4)
  A spectral scorpion (D:4)
  6 orc priests
  A jelly (D:7)
  4 iguanas (D:5)
  Natasha (D:4)
  10 orc wizards
  A hound zombie (D:4)
  A scorpion simulacrum (D:4)
  A gnoll (D:1)
  8 adders
  4 shadow imps (D:7)
  2 white imps
  5 ufetubi
  An adder skeleton (D:4)
  2 adder zombies (D:4)
  A dart slug (D:3)
  37 orcs
  5 ball pythons (D:1)
  9 bats
  3 endoplasms
  5 giant cockroaches
  4 goblins
  6 hobgoblins
  8 quokkas
  3 frilled lizards
  26 kobolds
  6 rats
448 creatures vanquished.

Vanquished Creatures (collateral kills)
  2 death yaks (Lair:4)
  A black mamba (Lair:3)
  A komodo dragon (Lair:1)
  A ynoxinul (D:8)
  A wyvern (Lair:3)
  2 yaks
  A steam dragon (D:8)
  4 kobolds (D:5)
  8 foxfires (D:5)
21 creatures vanquished.

Vanquished Creatures (others)
  A death yak (Lair:4)
  A wolf spider (Lair:1)
  A cane toad (Lair:3)
  A yak (Lair:3)
  A wolf (Lair:1)
  A kobold brigand (D:5)
  An orc priest (D:4)
  2 goblins
  7 demonic plants (D:7)
  371 foxfires
  40 fungi
  86 plants
  3 toadstools (D:1)
  20 withered plants (D:4)
536 creatures vanquished.

Grand Total: 1005 creatures vanquished

Notes
Turn   | Place    | Note
-------+----------+-------------------------------------------
     0 | D:1      | Armakuni the Human Artificer began the quest for the Orb.
     0 | D:1      | Reached XP level 1. HP: 15/15 MP: 1/1
   209 | D:1      | Reached XP level 2. HP: 18/21 MP: 2/2
   261 | D:1      | Reached skill level 1 in Staves
   393 | D:1      | Got the Almanac of the Countless Thickets
   396 | D:1      | Learned a level 1 spell: Foxfire
   810 | D:1      | Reached XP level 3. HP: 21/27 MP: 0/3
  1517 | D:2      | Found a shimmering altar of Xom.
  1579 | D:2      | Found a faded altar of an unknown god.
  1813 | D:2      | Reached skill level 2 in Staves
  1865 | D:2      | Reached XP level 4. HP: 21/34 MP: 0/4
  2678 | D:3      | Found a stormy altar of Qazlal.
  2823 | D:3      | Found a glowing golden altar of the Shining One.
  2823 | D:3      | Found a burning altar of Makhleb.
  3222 | D:3      | You fall into a shaft and drop 2 floors!
  3222 | D:5      | Entered Level 5 of the Dungeon
  3246 | D:5      | Reached skill level 3 in Staves
  3246 | D:5      | Reached skill level 1 in Conjurations
  3246 | D:5      | Reached XP level 5. HP: 38/41 MP: 1/5
  3295 | D:5      | Found a blossoming altar of Fedhas.
  3302 | D:5      | Noticed an ogre
  3308 | D:5      | Killed an ogre
  3309 | D:5      | Reached XP level 6. HP: 47/47 MP: 6/6
  3663 | D:5      | Found a glowing silver altar of Zin.
  3682 | D:5      | Found an ancient bone altar of Kikubaaqudgha.
  3750 | D:5      | Noticed a yak
  3947 | D:4      | Noticed an ogre
  3957 | D:4      | Killed an ogre
  3958 | D:4      | Reached XP level 7. HP: 52/52 MP: 2/7
  3978 | D:4      | Learned a level 5 spell: Fireball
  4623 | D:4      | Found Mohexal's Book Emporium.
  4629 | D:4      | Bought a book of Touch for 364 gold pieces
  5306 | D:4      | Noticed Pikel
  5330 | D:4      | Killed Pikel
  5331 | D:4      | Reached skill level 5 in Conjurations
  5331 | D:4      | Reached skill level 5 in Evocations
  5331 | D:4      | Reached XP level 8. HP: 32/58 MP: 7/13
  5336 | D:4      | Learned a level 4 spell: Sticky Flame
  5518 | D:4      | Learned a level 2 spell: Scorch
  5522 | D:4      | Reached skill level 1 in Fire Magic
  5576 | D:4      | Noticed Natasha
  5609 | D:4      | Killed Natasha
  5779 | D:4      | Found the +4 dagger "Morg" {pain, Will+ Int+5}
  6005 | D:5      | Found an opulent altar of Gozag.
  6747 | D:5      | Killed a yak
  6748 | D:5      | Reached XP level 9. HP: 63/63 MP: 14/14
  6834 | D:5      | Reached skill level 5 in Fire Magic
  8665 | D:7      | Noticed a hornet
  8770 | D:7      | Killed a hornet
  8771 | D:7      | Reached XP level 10. HP: 70/70 MP: 10/15
  8871 | D:7      | Found Ogakawn's Assorted Antiques.
  8908 | D:7      | Found a staircase to the Ecumenical Temple.
  8925 | Temple   | Entered the Ecumenical Temple
  8990 | Temple   | Became a worshipper of Elyvilon the Healer
  9181 | D:7      | Reached skill level 10 in Conjurations
  9279 | D:6      | Reached skill level 1 in Invocations
 10715 | D:7      | Found a hazy altar of Hepliaklqana.
 10906 | D:8      | Noticed a two-headed ogre
 11341 | D:8      | Killed a two-headed ogre
 11410 | D:8      | Noticed Maggie
 11417 | D:8      | Killed Maggie
 11515 | D:8      | Identified the +1 leather armour of the Original Sin {Will+
                  | Int+4}
 11523 | D:8      | Reached * piety under Elyvilon
 11548 | D:8      | Found Citel's Island Escapes.
 11551 | D:8      | Reached XP level 11. HP: 67/75 MP: 16/16
 11701 | D:8      | Paralysed by a hornet for 1 turns
 11787 | D:8      | Found a shimmering blue altar of Sif Muna.
 11869 | D:8      | Got Sif Muna's Volume of Fire
 12015 | D:8      | Found a bloodstained altar of Trog.
 12268 | D:8      | Bought a scroll of blinking for 82 gold pieces
 12268 | D:8      | Bought a scroll of teleportation for 33 gold pieces
 12268 | D:8      | Bought a scroll of blinking for 82 gold pieces
 12268 | D:8      | Bought a scroll of fog for 22 gold pieces
 12301 | D:9      | Reached skill level 10 in Evocations
 12410 | D:9      | Found a staircase to the Lair.
 12492 | D:9      | Noticed a rakshasa
 12493 | D:9      | Noticed a white ugly thing
 12501 | D:9      | Noticed a tengu warrior
 12501 | D:9      | Noticed a seven-headed hydra
 12614 | D:9      | Identified the +1 plate armour "Tofeidu" {Dex+7}
 12802 | Lair:1   | Entered Level 1 of the Lair of Beasts
 12890 | Lair:1   | Reached ** piety under Elyvilon
 12904 | Lair:1   | Noticed a wolf spider
 12904 | Lair:1   | Noticed a wolf spider
 12916 | Lair:1   | Killed a wolf spider
 13058 | Lair:1   | Noticed a catoblepas
 13081 | Lair:1   | HP: 3/75 [catoblepas/blast of calcifying dust (7)]
 13195 | Lair:1   | Elyvilon protects you from harm!
 13196 | Lair:1   | Killed a catoblepas
 13622 | Lair:1   | You fall into a shaft and drop 1 floor!
 13623 | Lair:2   | Noticed a catoblepas
 13630 | Lair:2   | Killed a catoblepas
 13631 | Lair:2   | Reached XP level 12. HP: 76/81 MP: 11/17
 13908 | Lair:2   | Reached skill level 10 in Fire Magic
 13908 | Lair:2   | Reached skill level 5 in Invocations
 14036 | Lair:2   | Found a staircase to the Swamp.
 14159 | Lair:2   | Reached *** piety under Elyvilon
 15614 | Lair:3   | Noticed a four-headed hydra
 15615 | Lair:3   | Killed a four-headed hydra
 15976 | Lair:3   | Reached skill level 10 in Invocations
 16815 | Lair:4   | Noticed a catoblepas
 16935 | Lair:4   | Killed a catoblepas
 16936 | Lair:4   | Reached skill level 5 in Spellcasting
 16939 | Lair:4   | Reached XP level 13. HP: 63/86 MP: 7/20
 17648 | Lair:4   | Identified the +5 robe "Aprohien" {Str+4 Dex+2 SInv}
 17800 | Lair:4   | Reached skill level 5 in Armour
 17800 | Lair:4   | Reached skill level 5 in Dodging
 17823 | Lair:4   | Reached skill level 4 in Staves
 18054 | Lair:4   | Upgraded the game from 0.29-a0-775-g4d7333d4e2 to
                  | 0.29-a0-821-g66395355a5
 18115 | Lair:4   | Reached skill level 5 in Fighting
 18115 | Lair:4   | Reached skill level 5 in Staves
 18124 | Lair:4   | Noticed a seven-headed hydra
 18128 | Lair:4   | Killed a seven-headed hydra
 18140 | Lair:4   | Reached skill level 6 in Staves
 18643 | Lair:4   | Identified a scroll of acquirement
 18651 | Lair:4   | Acquired the +0 helmet "Ecoutust" {rElec rPois}
 18766 | Lair:4   | Reached skill level 7 in Staves
 19046 | Lair:4   | Found a hole to the Spider Nest.
 19068 | Lair:4   | Identified the +5 long sword "Tiky" {vorpal, rN+ Dex+2}
 19250 | Lair:4   | Reached skill level 8 in Staves
 19251 | Lair:4   | Reached XP level 14. HP: 58/98 MP: 6/21
 19561 | Lair:5   | Reached **** piety under Elyvilon
 19736 | Lair:5   | Reached skill level 9 in Staves
 20159 | Lair:5   | Reached skill level 10 in Staves
 20983 | Lair:5   | Reached skill level 11 in Staves
 21358 | Lair:5   | Reached ***** piety under Elyvilon
 21589 | D:7      | Bought a smoky emerald potion for 18 gold pieces
 21589 | D:7      | Bought a scroll of identify for 40 gold pieces
 21589 | D:7      | Bought a crooked glowing staff for 240 gold pieces
 21875 | D:9      | Got Ureomong's Collected Works on Supportive Shape Shifting
 22028 | D:9      | Reached skill level 12 in Staves
 22525 | D:10     | Entered Level 10 of the Dungeon
 22525 | D:10     | Found a staircase to the Orcish Mines.
 22544 | D:10     | Identified the +5 chain mail "Dafozul" {-Tele rC+ rN+}
 23880 | D:11     | Noticed a frost giant
 23894 | D:11     | HP: 1/98 [frost giant/bolt of cold (28)]
 23896 | D:11     | Elyvilon protects you from harm!
 23902 | D:11     | Elyvilon protects you from harm!
 23904 | D:11     | Killed a frost giant
 23904 | D:11     | Killed by an exploding frost giant... ignited by their
                  | inner flame

Illustrated notes

Levels and vault maps discovered:
D:1:      heliophobic_arrival_enchanted_forest, layout_basic,
          minmay_gold_behind_fungi, minmay_misc_feat_ornament, minmay_vboxes
D:2:      layout_basic, basic_altar, hellmonk_ecumenical_altar_inner_sanctum
D:3:      layout_basic, grunt_qazlal_clouds, mainiacjoe_overflow_divided_tiny
D:4:      layout_loops_ring, serial_shops, shop, minmay_statues_item,
          minmay_misc_feat_nine_boxes, dilly_guarded_unrand_morg, uniq_pikel
D:5:      kennysheep_kobold_camp, layout_loops_ring, mainiacjoe_overflow_paths,
          overflow_temple_1_default, lemuel_round_altar,
          nicolae_overflow_crystal_walls, minmay_small_thing
D:6:      layout_gridville
D:7:      layout_cave_pools, nicolae_hepliaklqana_hippocampus,
          minmay_temple_entry_junction, serial_shops, shop, serial_demonic,
          serial_demonic_a, serial_demonic_b, serial_demonic_g,
          serial_demonic_g, serial_demonic_b
D:8:      layout_rooms, nzn_overflow_gifts_of_might_and_magic, nicolae_sextant,
          nicolae_island_escapes, uniq_maggie
D:9:      minmay_the_grid_triangle_9x9_recursive_2_mashed
          [minmay_the_grid_triangle_9x9_prize_top_heavy,
          minmay_the_grid_triangle_9x9_warning,
          minmay_the_grid_triangle_9x9_shrine,
          minmay_the_grid_triangle_9x9_dagger], layout_gridville,
          lair_entry_dummy
D:10:     layout_roguey, orc_david_3, special_room [special_room_bee]
D:11:     nzn_winding_woodlands_cross [nzn_winding_woodlands_5x15_eye,
          nzn_winding_woodlands_5x15_garden, nzn_winding_woodlands_5x15_jagged,
          nzn_winding_woodlands_5x15_cabin,
          nzn_winding_woodlands_15x15_thick_spiral], layout_basic
Temple:   hellmonk_temple_two_chambers
Lair:1:   layout_big_grid, nicolae_lair_run_with_the_wolves
Lair:2:   layout_cave_pods, minmay_swamp_entry_worms
Lair:3:   layout_loops_ring, minivault_11, lemuel_fruit_tree
Lair:4:   regret_index_tunnel_blossom, layout_cave_pods, dummy_spider_entry
Lair:5:   beast_lair_carwin_large_3, layout_regular_city

Skill      XL: |  1  2  3  4  5  6  7  8  9 10 11 12 13 14 |
---------------+-------------------------------------------+-----
Staves         | 1 2 3 8 12 | 12.0
Fighting       | 2 3 5 |  5.0
Conjurations   | 1 3 4 5 9 10 11 | 11.4
Evocations     | 4 5 9 10 | 10.0
Spellcasting   | 3 5 |  5.0
Fire Magic     | 4 5 9 10 | 10.0
Invocations    | 2 4 10 | 10.0
Dodging        | 2 5 |  5.0
Armour         | 5 |  5.0
Stealth        | |  1.0

Action                   |  1- 3 |  4- 6 |  7- 9 | 10-12 | 13-15 || total
-------------------------+-------+-------+-------+-------+-------++-------
Melee: Staff             |   111 |    72 |   145 |   208 |   351 ||   887
       Punch             |     2 |       |     2 |     2 |     3 ||     9
Throw: Dart              |       |       |       |       |     8 ||     8
 Cast: Foxfire           |     5 |    46 |   123 |    41 |     8 ||   223
       Sticky Flame      |       |       |     2 |    66 |    89 ||   157
       Fireball          |       |       |       |    30 |    61 ||    91
       Scorch            |       |       |       |     1 |       ||     1
Invok: Purification      |       |       |       |     3 |     1 ||     4
       Heal Other        |       |       |       |     1 |     5 ||     6
       Heal Self         |       |       |       |     4 |     1 ||     5
Evoke: Wand              |     5 |    13 |    10 |    32 |    42 ||   102
  Use: Scroll            |     5 |     3 |     5 |     9 |    10 ||    32
       Potion            |       |       |       |     5 |     2 ||     7
 Stab: Sleeping          |     1 |     1 |     1 |     1 |       ||     4
       Paralysed         |       |       |       |     8 |     4 ||    12
Armor: Leather armour    |    44 |    21 |    57 |    76 |    35 ||   233
       Troll leather arm |       |       |       |    26 |       ||    26
       Robe              |       |       |       |       |   102 ||   102
Dodge: Dodged            |    80 |    73 |   101 |   163 |   281 ||   698

Table legend: (Time is in decaauts)
 A = Elapsed time spent in this place.
 B = Non-inter-level travel time spent in this place.
 C = Inter-level travel time spent in this place.
 D = Time resting spent in this place.
 E = Time spent auto-exploring this place.
 F = Levels seen in this place.
 G = Mean time per level.
                   A        B        C        D        E       F      G
               +--------+--------+--------+--------+--------+-----+--------+
         Total |  23862 |  22887 |    975 |   7212 |  11073 |  17 | 1403.6 |
       Dungeon |  15209 |  14707 |    502 |   4153 |   7584 |  11 | 1382.6 |
        Temple |     71 |     66 |      5 |      0 |     36 |   1 |   71.0 |
          Lair |   8581 |   8114 |    467 |   3059 |   3453 |   5 | 1716.2 |
               +--------+--------+--------+--------+--------+-----+--------+

Top non-repeatable levels by time:
  Lair:4: 3066 daAuts
     D:4: 1957 daAuts
     D:6: 1867 daAuts
     D:5: 1856 daAuts
     D:7: 1809 daAuts
     D:9: 1519 daAuts
  Lair:2: 1484 daAuts
  Lair:5: 1460 daAuts
  Lair:3: 1446 daAuts
     D:8: 1433 daAuts
     D:1: 1405 daAuts
  Lair:1: 1123 daAuts
     D:2: 1109 daAuts
    D:10: 1009 daAuts
     D:3: 914 daAuts
